[Event "*** Titled Tuesday Blitz"]
[Site "Chess.com"]
[Date "2019.04.02"]
[Round "8"]
[White "Gareth-Bale11"]
[Black "GukeshDommaraju"]
[Result "0-1"]
[WhiteElo "2695"]
[BlackElo "2637"]
[TimeControl "180+2"]
[EndTime "15:49:40 PDT"]
[Termination "GukeshDommaraju won by resignation"]

1. d4 Nf6 2. Nf3 g6 3. b3 Bg7 4. Bb2 O-O 5. e3 d6 6. Be2 Nc6 7. h3 e5 8. dxe5 Nd7 9. c4 dxe5 10. Nc3 Nc5 11. Qxd8 Rxd8 12. Rd1 Rxd1+ 13. Kxd1 Bf5 14. Nd5 Rd8 15. Kc1 Bd3 16. Kd2 Be4 17. Rc1 Nb4 18. Nxe5 Nxd5 19. cxd5 Rxd5+ 20. Bd4 Bxe5 21. Rxc5 Bxd4 22.
Rxd5 Bxd5 23. exd4 Bxg2 24. h4 Kg7 25. f3 Kh6 26. Ke3 Kh5 27. Kf2 Bh3 28. Kg3 Be6 29. f4+ Kh6 30. Bd1 c6 31. a3 Kg7 32. b4 Kf6 33. Kf2 h6 34. Ke3 g5 35. hxg5+ hxg5 36. Be2 Kf5 37. Bd3+ Kg4 38. Be2+ Kh4 39. fxg5 Kxg5 40. Ke4 f6 0-1

[Event "*** Titled Tuesday Blitz"]
[Site "Chess.com"]
[Date "2019.04.02"]
[Round "8"]
[White "BlueWizzard"]
[Black "scaryninja"]
[Result "1-0"]
[WhiteElo "2707"]
[BlackElo "2477"]
[TimeControl "180+2"]
[EndTime "15:49:41 PDT"]
[Termination "BlueWizzard won by resignation"]

1. e4 c5 2. Nf3 d6 3. Be2 Nc6 4. c3 e5 5. d4 cxd4 6. cxd4 exd4 7. O-O Nf6 8. Nxd4 Be7 9. Nc3 O-O 10. Bc4 Ne5 11. Bb3 a6 12. f4 Ng6 13. Kh1 Qa5 14. Nd5 Nxd5 15. Bxd5 Bf6 16. Bd2 Qb6 17. Bc3 Bd7 18.
a4 Rac8 19. Qd2 Bc6 20. a5 Qd8 21. Nxc6 bxc6 22. Bc4 Bxc3 23. bxc3 Qc7 24. f5 Ne5 25. f6 Ng6 26. Qd4 gxf6 27. Rxf6 d5 28. Bxa6 Ra8 29. Qb6 Qe5 30. Rxc6 dxe4 31. Bb7 Rad8 32. a6 e3 33. Rc5 Qf4 34. Rd5 Rxd5 35. Bxd5 e2 36. a7 Qf1+ 37. Qg1 Re8 38. Re1 Qf6 39. Rxe2 Rxe2 40. a8=Q+ Kg7 41. Qaa1 Ne5 42. c4 Ng4 43. Qxf6+ Kxf6 44. h3 Nf2+ 45. Kh2 Nd3 46. Qd4+ Ne5 47. c5 1-0

[Event "*** Titled Tuesday Blitz"]
[Site "Chess.com"]
[Date "2019.04.02"]
[Round "8"]
[White "Kawhi_Leonard2"]
[Black "Martins-BR"]
[Result "0-1"]
[WhiteElo "2197"]
[BlackElo "2250"]
[TimeControl "180+2"]
[EndTime "15:49:45 PDT"]
[Termination "Martins-BR won by resignation"]

1. e4 c5 2. Nf3 e6 3. d4 cxd4 4.
Nxd4 Nc6 5. Nc3 Qc7 6. Be2 a6 7. O-O Nf6 8. Be3 b5 9. Nxc6 dxc6 10. Bd3 Be7 11. a4 Bb7 12. axb5 cxb5 13. Qf3 O-O 14. Rfe1 Bd6 15. Qh3 Be5 16. Bg5 h6 17. Bh4 Rfc8 18. Bg3 Bxg3 19. Qxg3 Qxg3 20. hxg3 Nd7 21. f3 Ne5 22.
Kf2 Rc7 23. Re2 Rd8 24. Re3 Nc4 25. Bxc4 Rxc4 26. Rd1 Rxd1 27. Nxd1 Rxc2+ 28. Re2 Rxe2+ 29. Kxe2 f6 30. Kd3 e5 31. b4 Kf7 32. Ne3 g6 33.
Nc2 Ke6 34. Na1 Kd6 35. Nb3 Bc8 36. Kc3 Be6 37. Nc5 Bc4 38. Nb7+ Kc6 39. Nc5 a5 0-1

[Event "*** Titled Tuesday Blitz"]
[Site "Chess.com"]
[Date "2019.04.02"]
[Round "8"]
[White "saraswathii"]
[Black "dopolian"]
[Result "0-1"]
[WhiteElo "2240"]
[BlackElo "2205"]
[TimeControl "180+2"]
[EndTime "15:49:46 PDT"]
[Termination "dopolian won by resignation"]

1. d4 Nf6 2. Bf4 d6 3. e3 g6 4. Nf3 Bg7 5. Be2 O-O 6. O-O Nc6 7. c4 Nd7 8. Nc3 e5 9. Bg3 f5 10. Qd2 e4 11. Ne1 Nf6 12. a4 a5 13. Nb5 g5 14. h3 h5 15. Rd1 h4 16. Bh2 Nb4 17. c5 Ne8 18. Bc4+ d5 19. Bb3 c6 20. Nd6 Nxd6 21. Bxd6 Rf7 22. f3 Be6 23. Qe2 Qd7 24.
fxe4 dxe4 25. Bxe6 Qxe6 26. Qh5 Qh6 27. Qxh6 Bxh6 28.
Rd2 Nd5 29. Nc2 g4 30. Bf4 Bxf4 31. exf4 Rg7 32. Kh2 Kf7 33. Ne1 Rag8 34. Nc2 gxh3 35. gxh3 Rg3 36. Rdf2 Ke6 37. Ne1 Ne3 38. Rh1 Kd5 39. Rd2 R8g4 40. Rf2 Rg8 41. Rd2 R8g6 42. b3 Rg7 43. Rb2 Kxd4 0-1

[Event "*** Titled Tuesday Blitz"]
[Site "Chess.com"]
[Date "2019.04.02"]
[Round "8"]
[White "JonahWillow"]
[Black "Grischuk"]
[Result "0-1"]
[WhiteElo "2697"]
[BlackElo "3047"]
[TimeControl "180+2"]
[EndTime "15:49:52 PDT"]
[Termination "Grischuk won on time"]

1. e4 e5 2. Nf3 Nc6 3. Nc3 Nf6 4. Bb5 Bd6 5. d3 a6 6. Ba4 b5 7. Bb3 Na5 8. O-O O-O 9. Bg5 Nxb3 10. axb3 Bb7 11. d4 exd4 12. Qxd4 h6 13. Bxf6 gxf6 14. Nh4 Re8 15. Nf5 Bf8 16. Rad1 Re5 17. Qd3 Qe8 18.
Qg3+ Kh7 19. f3 Rd8 20. Rfe1 Qe6 21. Nd4 Qb6 22. Kh1 Rde8 23. f4 Rc5 24. Qd3 Kh8 25. Nf5 Qe6 26. Nd4 Qb6 27. b4 Rc4 28. Nf5 Qe6 29.
Qxd7 Qxd7 30. Rxd7 Bxb4 31. Rxf7 Bxc3 32. bxc3 Rcxe4 33.
Rxe4 Bxe4 34. Nd4 Bg6 0-1

[Event "*** Titled Tuesday Blitz"]
[Site "Chess.com"]
[Date "2019.04.02"]
[Round "8"]
[White "bugsbunny444"]
[Black "FedaMaster"]
[Result "1/2-1/2"]
[WhiteElo "2496"]
[BlackElo "2604"]
[TimeControl "180+2"]
[EndTime "15:49:52 PDT"]
[Termination "Game drawn by agreement"]

1. Nf3 Nf6 2. c4 g6 3. b4 d5 4.
cxd5 Nxd5 5. Bb2 f6 6. a3 e5 7. d3 Bg7 8. g3 O-O 9. Bg2 Be6 10.
O-O c6 11. Nbd2 a5 12. d4 axb4 13. dxe5 bxa3 14. Rxa3 Rxa3 15. Bxa3 Re8 16. exf6 Nxf6 17. Qb1 Qc7 18. Ng5 Bd5 19. e4 Bf7 20. h3 Na6 21.
Nxf7 Qxf7 22. f4 Nh5 23. Kh2 Bc3 24. Nf3 b5 25. Ng5 Qc4 26. e5 b4 27. Bb2 Nc5 28.
Bxc6 Bxb2 29. Qxb2 Qxf1 30. Bxe8 Nxf4 31. Bf7+ Kf8 32.
e6 Qe2+ 33. Qxe2 Nxe2 34. Nxh7+ Ke7 35. Ng5 Kf6 36. h4 Nd4 37. Nh7+ Kg7 38. Ng5 Nf5 39. Kh3 Ne7 40. Nf3 b3 41. Nd2 b2 42. h5 Ne4 43.
Nb1 gxh5 44. Bxh5 Nd5 45. Bf3 Ng5+ 46. Kg4 Nxf3 47. Kxf3 Kf6 48. Ke4 Kxe6 49. Kd4 Nf6 50. Kc4 Ne4 51. Kb3 Nxg3 52. Kxb2 Ne2 53. Nc3 1/2-1/2

[Event "*** Titled Tuesday Blitz"]
[Site "Chess.com"]
[Date "2019.04.02"]
[Round "8"]
[White "Hunninn"]
[Black "Haykos"]
[Result "1/2-1/2"]
[WhiteElo "2622"]
[BlackElo "2585"]
[TimeControl "180+2"]
[EndTime "15:49:56 PDT"]
[Termination "Game drawn by repetition"]

1. d4 d5 2. Nf3 Nf6 3. Bg5 Nbd7 4. e3 c6 5. Nbd2 g6 6. Bd3 Bg7 7. c3 O-O 8. Qc2 Re8 9. h4 e5 10. dxe5 Nxe5 11. Nxe5 Rxe5 12. Nf3 Re8 13. h5 Bg4 14. hxg6 hxg6 15. Rh4 Qd7 16. O-O-O Qe6 17. Rdh1 Ne4 18. Bh6 Bxf3 19. Bxg7 Kxg7 20. gxf3 Nf6 21. f4 Rh8 22. f5 Qe5 23. fxg6 Rxh4 24. Rxh4 fxg6 25. Rh1 Qg5 26. Qd1 Qg4 27. Qf1 Ne4 28. f3 Qg5 29. fxe4 dxe4 30.
Bc2 Qxe3+ 31. Kb1 Rf8 32. Qc4 Rf4 33. Qe6 Qf3 34. Qe5+ Rf6 35. Bxe4 Qf4 36. Qd4 c5 37. Qd3 Rd6 38. Qc2 Rd2 39. Qa4 Rd4 40. Qc2 Rd2 41. Qa4 Rd4 42. Qc2 Rd2 43. Qa4 Rd4 1/2-1/2

[Event "*** Titled Tuesday Blitz"]
[Site "Chess.com"]
[Date "2019.04.02"]
[Round "8"]
[White "pheonixking2000"]
[Black "KenanGarayev"]
[Result "0-1"]
[WhiteElo "2773"]
[BlackElo "2770"]
[TimeControl "180+2"]
[EndTime "15:49:59 PDT"]
[Termination "KenanGarayev won by checkmate"]

1. c4 e5 2. Nc3 Nf6 3. Nf3 e4 4. Ng5 b5 5. d3 bxc4 6. dxe4 Nc6 7. Bf4 Bb4 8. e5 Ng4 9. Nf3 Qe7 10. Qd5 Bb7 11.
h3 Na5 12. Qd2 Bxf3 13. exf3 Nxe5 14. O-O-O O-O 15. Be3 Rfb8 16. f4 Ng6 17. Qxd7 Bxc3 18. bxc3 Qe4 19. Be2 Nh4 20. Rhg1 Qb7 21. Kd2 Rd8 22.
Kc2 Rxd7 23. Rxd7 Qc6 24. Rgd1 Qa4+ 25. Kc1 Qa3+ 26. Kd2 Qxa2+ 27. Ke1 Nxg2+ 28. Kf1 Nxe3+ 29. fxe3 g6 30. e4 Qc2 31. e5 Qxc3 32. Rxc7 Qxh3+ 33. Kf2 Qh2+ 34. Ke3 Qg3+ 35. Bf3 g5 36. Rd4 Nb3 37.
Rdxc4 Qg1+ 38. Kd3 Rd8+ 39. Kc3 Qe3+ 40. Kb2 Rd2+ 41.
Ka3 Nc5+ 42. Kb4 Qb3+ 43. Kxc5 Qb6# 0-1

[Event "*** Titled Tuesday Blitz"]
[Site "Chess.com"]
[Date "2019.04.02"]
[Round "8"]
[White "TheBigBadChessDad"]
[Black "VFernandezB"]
[Result "0-1"]
[WhiteElo "2220"]
[BlackElo "2294"]
[TimeControl "180+2"]
[EndTime "15:50:09 PDT"]
[Termination "VFernandezB won on time"]

1. d4 Nf6 2. Nf3 e6 3. Bf4 d5 4. e3 Bd6 5. Bg3 c5 6. c3 Nc6 7. Nbd2 O-O 8. Bd3 b6 9. e4 Be7 10. e5 Nh5 11. a3 Bb7 12. Qe2 a5 13. O-O Nxg3 14. fxg3 Qc8 15. Kh1 Ba6 16. Rf2 Bxd3 17. Qxd3 Qa6 18. Qe3 a4 19. Raf1 Na5 20. Ng5 Bxg5 21. Qxg5 Qd3 22. Nf3 Qg6 23. Qd2 Nb3 24.
Qd1 Rac8 25. Nd2 Nxd2 26. Rxd2 cxd4 27. Rxd4 b5 28. Rg4 Qh6 29. Rb4 Rc5 30. Qe2 Rb8 31.
h3 Qg5 32. Kh2 h5 33. Rxf7 Kxf7 34. Qf2+ Kg8 35. Qxc5 Qxe5 36. Rxb5 h4 37. Rxb8+ Qxb8 38. Qe3 hxg3+ 39. Qxg3 Qxb2 40. Qe5 Qb6 41. h4 Kf7 42. h5 Qf2 43. Qg5 Qf6 44. Qg3 e5 0-1

[Event "*** Titled Tuesday Blitz"]
[Site "Chess.com"]
[Date "2019.04.02"]
[Round "8"]
[White "Gahan-MG"]
[Black "lucasran"]
[Result "1/2-1/2"]
[WhiteElo "2561"]
[BlackElo "2414"]
[TimeControl "180+2"]
[EndTime "15:50:12 PDT"]
[Termination "Game drawn - insufficient material"]

1. e4 c6 2. d4 d5 3. exd5 cxd5 4. c4 Nf6 5. Nc3 Nc6 6. Nf3 Bg4 7. cxd5 Nxd5 8. Qb3 Bxf3 9. gxf3 e6 10. Qxb7 Nxd4 11. Bb5+ Nxb5 12. Qc6+ Ke7 13. Qxb5 Qd7 14. Nxd5+ Qxd5 15. Qxd5 exd5 16. Be3 Ke6 17. O-O-O Bb4 18. a3 Ba5 19. b4 Bb6 20. Rhe1 Bxe3+ 21. Rxe3+ Kf6 22. Rxd5 Rhd8 23. Red3 Rxd5 24. Rxd5 Rc8+ 25. Kd2 Rc7 26. Ra5 g5 27. Kd3 Kg6 28. a4 h5 29. b5 g4 30. fxg4 hxg4 31. Ra6+ Kg5 32. a5 Rc5 33. b6 axb6 34. axb6 Kh4 35. Kd4 Rb5 36. Kc4 Rb2 37. Kc5 Rxf2 38. b7 Rc2+ 39. Kd6 Rb2 40. Kc7 Rxb7+ 41. Kxb7 f5 42. Kc6 Kh3 43. Ra2 f4 44.
Kd5 g3 45. hxg3 fxg3 46. Ke4 g2 47. Ra1 Kh2 48. Kf3 g1=Q 49. Rxg1 Kxg1 1/2-1/2

[Event "*** Titled Tuesday Blitz"]
[Site "Chess.com"]
[Date "2019.04.02"]
[Round "8"]
[White "AryanTari"]
[Black "Gabrielian_Artur"]
[Result "1-0"]
[WhiteElo "2845"]
[BlackElo "2746"]
[TimeControl "180+2"]
[EndTime "15:50:13 PDT"]
[Termination "AryanTari won by resignation"]

1. e4 c5 2. Nf3 d6 3. Nc3 Nc6 4. d4 cxd4 5. Nxd4 Nf6 6. g3 e6 7.
Bg2 Bd7 8. Ndb5 Qb8 9. Bf4 Ne5 10. a4 a6 11. Nd4 Be7 12. O-O O-O 13. Qe2 Qc7 14.
Bd2 Rac8 15. b3 Nc6 16. Nxc6 Bxc6 17. a5 d5 18. exd5 Nxd5 19. Nxd5 Bxd5 20. Bxd5 exd5 21.
Bf4 Bd6 22. Bxd6 Qxd6 23. Rfd1 Qc5 24. Rd2 Rfe8 25. Qf3 Re5 26. Rad1 Qxa5 27. c4 dxc4 28. Rd7 Rf8 29. bxc4 Re1+ 30. Rxe1 Qxe1+ 31. Kg2 Qe6 32. Rc7 b5 33. c5 b4 34. c6 b3 35.
Rb7 Rc8 36. Rxb3 Rxc6 37. Rb8+ Rc8 38. Qa8 Qe4+ 39. Qxe4 Rxb8 40. Qc6 h5 41. Qxa6 g6 42.
Qd6 Re8 43. Qd7 Re6 44. f4 Re2+ 45. Kg1 Re1+ 46. Kf2 Re6 47. h3 Kg7 48. Qd4+ Kg8 49. g4 hxg4 50. hxg4 Ra6 51. Qd8+ Kg7 52. Qd4+ Kg8 53.
Kg3 Kh7 54. Qd7 Kg8 55. Qc8+ 1-0

[Event "*** Titled Tuesday Blitz"]
[Site "Chess.com"]
[Date "2019.04.02"]
[Round "8"]
[White "SanchezKelvin"]
[Black "almaguerjm"]
[Result "1/2-1/2"]
[WhiteElo "2527"]
[BlackElo "2310"]
[TimeControl "180+2"]
[EndTime "15:50:14 PDT"]
[Termination "Game drawn by agreement"]

1. d4 Nf6 2. c4 c5 3. d5 d6 4. Nc3 g6 5. e4 Bg7 6. h3 O-O 7. Nf3 e6 8. Bd3 exd5 9. cxd5 Re8 10. O-O c4 11. Bc2 b5 12. a3 Nbd7 13. Bf4 Nc5 14.
Re1 a6 15. Bxd6 Qxd6 16. e5 Qb6 17. exf6 Rxe1+ 18. Qxe1 Bxf6 19. Qe8+ Kg7 20. Qc6 Qxc6 21. dxc6 Bxc3 22. bxc3 Be6 23. Nd4 Rc8 24. a4 Nb3 25. Bxb3 cxb3 26. axb5 axb5 27. Rb1 Kf6 28. f4 h5 29. Kf2 Bd5 30. g4 hxg4 31. hxg4 Rh8 32. Nxb3 Bxc6 33. Nd4 Bd7 34. Nxb5 Rh2+ 35. Kg3 Rc2 36. g5+ Kg7 37. Nd6 Rxc3+ 38. Kf2 Bc6 39. Rb6 Kf8 40. Rb4 Ke7 41. Ne4 Bxe4 42. Rxe4+ Kf8 43.
Re5 Kg7 44. Ke2 Kg8 45. f5 gxf5 46. Rxf5 Kg7 47. Kf2 Kg6 48. Rf6+ Kxg5 49. Rxf7 Rc5 50. Ra7 Rf5+ 51. Kg3 Rb5 52. Rg7+ Kf6 53. Rg4 Kf5 54. Rc4 Rb3+ 55. Kh4 Rb1 56. Rc5+ Kf4 57. Rc4+ Kf5 58.
Kg3 Rb3+ 59. Kf2 Ke5 60. Rh4 Kf5 61. Ke2 Kg5 62. Ra4 Kf5 63. Kd2 Ke5 64. Kc2 Rh3 65.
Rg4 Kd5 66. Kd2 1/2-1/2

[Event "*** Titled Tuesday Blitz"]
[Site "Chess.com"]
[Date "2019.04.02"]
[Round "8"]
[White "area_5"]
[Black "OparinGrigoriy"]
[Result "0-1"]
[WhiteElo "2709"]
[BlackElo "2967"]
[TimeControl "180+2"]
[EndTime "15:50:15 PDT"]
[Termination "OparinGrigoriy won by checkmate"]

1. e4 c6 2. d4 d5 3. e5 c5 4.
dxc5 e6 5. Be3 Nd7 6. Bb5 Qc7 7.
Qd4 Ne7 8. Qc3 Nf5 9. Bd4 Nxd4 10. Qxd4 Bxc5 11. Qc3 d4 12. Bxd7+ Bxd7 13. Qg3 Qb6 14.
Nd2 h5 15. Ngf3 O-O-O 16. O-O Bc6 17. Rab1 h4 18. Qxg7 h3 19. b4 hxg2 20. Rfe1 Be7 21. Qxf7 Qc7 22. Qxe6+ Kb8 23. b5 Bd5 24. Qf5 Rdf8 25.
Qd3 Rh3 26. Kxg2 Rg8+ 27. Kh1 Qc8 28. Qxd4 Bxf3+ 29. Nxf3 Rxf3 30. Rg1 Rgf8 31. c4 Bc5 32. Qe4 Rxf2 33. Rg2 Rf1+ 34. Rg1 Bxg1 35. Rxf1 Rxf1 36. Kg2 Qf8 37. e6 Qf2+ 38. Kh3 Qxh2+ 39. Kg4 Rf8 40. e7 Rg8+ 41. Kf3 Qf2# 0-1

[Event "*** Titled Tuesday Blitz"]
[Site "Chess.com"]
[Date "2019.04.02"]
[Round "8"]
[White "Fandorine"]
[Black "iturrizaga"]
[Result "0-1"]
[WhiteElo "2846"]
[BlackElo "2881"]
[TimeControl "180+2"]
[EndTime "15:50:16 PDT"]
[Termination "iturrizaga won by resignation"]

1. e4 c5 2. Be2 g6 3. f4 Bg7 4.
Nf3 Nc6 5. O-O d6 6. c3 e6 7. Kh1 Nge7 8. d4 cxd4 9. cxd4 O-O 10. Nc3 a6 11. e5 d5 12. Be3 b5 13. Rc1 Bb7 14.
Bd3 Rc8 15. Qe1 Qa5 16. a3 b4 17. axb4 Qxb4 18. Bd2 Qb3 19. Bc2 Qb6 20. Na4 Qa7 21. Bc3 a5 22. Nc5 Ba6 23. Nxa6 Qxa6 24. Qd2 Rb8 25.
Bd3 Qb6 26. Rce1 Rb7 27. g4 Bh6 28. h4 Nb4 29. Bb1 Nec6 30. h5 Qa6 31. Qh2 Nd3 32. Bxd3 Qxd3 33. hxg6 fxg6 34. Qxh6 a4 35. Ng5 a3 36. f5 axb2 37. Nxe6 Rff7 38. Ng5 b1=Q 39.
Rxb1 Rxb1 40. Rxb1 Qxb1+ 41. Kh2 Qc2+ 42. Kg3 Qxc3+ 43.
Kh4 Qe1+ 0-1

[Event "*** Titled Tuesday Blitz"]
[Site "Chess.com"]
[Date "2019.04.02"]
[Round "8"]
[White "hansen"]
[Black "AttilaTurzo"]
[Result "1-0"]
[WhiteElo "2800"]
[BlackElo "2578"]
[TimeControl "180+2"]
[EndTime "15:50:17 PDT"]
[Termination "hansen won by resignation"]

1. e4 e5 2. Nf3 Nc6 3. Bb5 a6 4. Ba4 Nf6 5. O-O Be7 6. Re1 b5 7. Bb3 d6 8. c3 O-O 9. h3 Nb8 10. d4 Nbd7 11. Nbd2 Bb7 12. Bc2 Re8 13. Nf1 c5 14.
Ng3 Bf8 15. a4 g6 16. Bg5 Qc7 17. d5 c4 18. Qd2 Bg7 19. Ra3 Nc5 20. Rea1 Rab8 21.
Nh4 Bc8 22. axb5 axb5 23. Ra7 Rb7 24. R7a5 Bd7 25. R5a3 Na4 26. R3a2 Ra8 27. Bh6 Bh8 28. Be3 Re8 29. Kh2 Bg7 30. f4 exf4 31. Bxf4 Nc5 32. Ra8 Na4 33. Rxe8+ Bxe8 34. Nhf5 Bf8 35. Nh6+ Kg7 36. Rf1 Nd7 37. Ng4 Nac5 38. Qd4+ Kg8 39.
e5 dxe5 40. Nxe5 Nxe5 41. Bxe5 Bd6 42. Bxd6 Qxd6 43. Rf6 Qb6 44. Rxb6 1-0

[Event "*** Titled Tuesday Blitz"]
[Site "Chess.com"]
[Date "2019.04.02"]
[Round "8"]
[White "BlackBoarder"]
[Black "Andrew-FB00"]
[Result "1-0"]
[WhiteElo "2514"]
[BlackElo "1865"]
[TimeControl "180+2"]
[EndTime "15:50:19 PDT"]
[Termination "BlackBoarder won on time"]

1. e4 e5 2. Nf3 Nc6 3. d4 exd4 4.
Bc4 Bc5 5. O-O Nf6 6. e5 Ng4 7. Bf4 O-O 8. h3 Nh6 9. Bxh6 gxh6 10. c3 dxc3 11. Nxc3 d6 12. Ne4 Bf5 13. Nf6+ Kh8 14. Nh5 Nxe5 15. Nxe5 dxe5 16. Qf3 Bg6 17. Ng3 c6 18.
Rad1 Qe7 19. Bd3 Rad8 20. Be4 Rd4 21. Nf5 Bxf5 22. Qxf5 f6 23. Rc1 Bb6 24. Rc3 Rg8 25. h4 Rd2 26. g3 Bd4 27. Rb3 Rxb2 28. Rxb2 Bxb2 29. Kg2 Bd4 30. Rb1 Rd8 31. Rb3 Kg8 32. Ra3 Qd7 33. Qf3 Qe7 34. Rb3 Bb6 35. Qg4+ Qg7 36.
Qf5 Kh8 37. a4 Bd4 38. a5 b6 39. Bxc6 Qg6 40. Qf3 1-0

[Event "*** Titled Tuesday Blitz"]
[Site "Chess.com"]
[Date "2019.04.02"]
[Round "8"]
[White "jefferyx"]
[Black "Micki-taryan"]
[Result "0-1"]
[WhiteElo "2885"]
[BlackElo "2969"]
[TimeControl "180+2"]
[EndTime "15:50:22 PDT"]
[Termination "Micki-taryan won by resignation"]

1. d4 Nf6 2. c4 e6 3. Nc3 Bb4 4. Nf3 O-O 5. Bg5 h6 6. Bh4 d5 7. e3 Nbd7 8. Rc1 c6 9. Bd3 Be7 10. O-O dxc4 11. Bxc4 Nd5 12. Bg3 b6 13. Nxd5 exd5 14.
Bd3 Bb7 15. Bf5 Nf6 16. Ne5 c5 17. Qa4 a6 18. Nc6 Bxc6 19. Qxc6 c4 20. Bc7 Qe8 21. Qxb6 g6 22. Bh3 Qb5 23. b3 Ne4 24. bxc4 dxc4 25. Rfd1 Bd8 26. Bxd8 Rfxd8 27. Qc7 Nd6 28.
Qc5 Qa4 29. Re1 Rab8 30. e4 Qxa2 31. e5 Nb5 32. e6 Rb7 33. e7 Re8 34. d5 Qd2 35. g3 Nd4 36. Kg2 Nb3 37. Qe3 Qxe3 38. Rxe3 Nxc1 39. d6 f5 40. Rc3 Nd3 41. Rxc4 Ne5 42.
Rc5 Nf7 43. Rc6 Rd7 44. Rxa6 Rxd6 45. Ra7 Re6 0-1

[Event "*** Titled Tuesday Blitz"]
[Site "Chess.com"]
[Date "2019.04.02"]
[Round "8"]
[White "Walter_White_Poland"]
[Black "You_are_not_free"]
[Result "1-0"]
[WhiteElo "2258"]
[BlackElo "2324"]
[TimeControl "180+2"]
[EndTime "15:50:23 PDT"]
[Termination "Walter_White_Poland won by resignation"]

1. e4 c5 2. Nf3 a6 3. c4 e6 4. d4 cxd4 5. Nxd4 Nf6 6. Nc3 Bb4 7. Qd3 Nc6 8. Nc2 Bxc3+ 9. Qxc3 O-O 10. Bd3 b6 11. O-O Bb7 12. Bg5 h6 13. Bh4 d6 14.
Rfe1 Rc8 15. Rad1 e5 16. Qd2 Qe7 17. f4 exf4 18. Qxf4 Qe5 19. Qf3 Nd7 20. b3 Nc5 21. Bg3 Qe7 22. Bf1 Ne5 23. Qh5 Rfd8 24. Nd4 Nxe4 25. Nf5 Qg5 26. Qxg5 hxg5 27. Ne7+ Kf8 28. Nxc8 Rxc8 29. Bxe5 dxe5 30. Rd7 Bc6 31. Ra7 Ra8 32. Rxa8+ Bxa8 33. Bd3 f5 34. Bxe4 Bxe4 35. Rxe4 fxe4 36.
Kf2 Ke7 37. Ke3 a5 38. Kxe4 Kd6 39. a3 a4 40. b4 g6 41. g4 Ke6 42. c5 bxc5 43. bxc5 Kd7 44. Kxe5 Kc7 45. Kd5 Kd7 46. Kc4 Kc7 47. Kb4 Kc6 48. Kc4 Kc7 49. Kb5 Kb7 50. Kxa4 Kc6 51. Kb4 1-0

[Event "*** Titled Tuesday Blitz"]
[Site "Chess.com"]
[Date "2019.04.02"]
[Round "8"]
[White "Yurovskykh_Oleksandr"]
[Black "Jospem"]
[Result "0-1"]
[WhiteElo "2522"]
[BlackElo "2767"]
[TimeControl "180+2"]
[EndTime "15:50:24 PDT"]
[Termination "Jospem won by resignation"]

1. d4 Nf6 2. Nf3 e6 3. Bf4 c5 4. e3 Nc6 5. c3 Qb6 6. Qb3 d5 7. Nbd2 c4 8. Qc2 Nh5 9. Bg5 h6 10. Bh4 g5 11. Bg3 Bg7 12. Be2 Nxg3 13. hxg3 Bd7 14.
e4 f5 15. e5 O-O 16. b3 cxb3 17. axb3 Rac8 18. Qb2 Be8 19. O-O Bg6 20. Ne1 Qd8 21. f4 g4 22. Kf2 h5 23. Rh1 Rf7 24. Nd3 b6 25. b4 Rfc7 26. Nb3 Ne7 27. Rhc1 Be8 28.
Ne1 Ng6 29. Ba6 h4 30. Nd3 hxg3+ 31. Ke2 Bh6 32. Qd2 Rb8 33. Rh1 Rh7 34. Qe3 Qc7 35. Kd2 Kg7 36. Qxg3 Bd7 37. Qe3 Rbh8 38. g3 Kg8 39. Rhf1 Bf8 40. Rf2 Be7 41. Rg2 Rh5 42. Nb2 Rh3 43. Qd3 Nxf4 44. gxf4 Rxd3+ 45. Nxd3 Rh3 46. Rag1 Kf8 47. Nbc1 Qc6 48. b5 Qc4 0-1

[Event "*** Titled Tuesday Blitz"]
[Site "Chess.com"]
[Date "2019.04.02"]
[Round "8"]
[White "pedro_gines"]
[Black "ChessicallyInclined"]
[Result "0-1"]
[WhiteElo "2440"]
[BlackElo "2534"]
[TimeControl "180+2"]
[EndTime "15:50:26 PDT"]
[Termination "ChessicallyInclined won by checkmate"]

1. d4 d6 2. e4 Nf6 3. Nc3 g6 4. Be3 c6 5. f3 Nbd7 6. Qd2 b5 7. Nh3 Nb6 8. b3 Bxh3 9. gxh3 b4 10. Ne2 a5 11. a3 bxa3 12. Rxa3 a4 13. bxa4 Nc4 14. Qd3 Nxa3 15. Qxa3 Bg7 16. h4 Qa5+ 17. Nc3 O-O 18. Bd2 Qh5 19. Rg1 Qxh4+ 20. Kd1 Qxh2 21. Rg2 Qh1 22. Rf2 Nh5 23. Ne2 Rfb8 24. Kc1 c5 25. c3 cxd4 26. cxd4 Rc8+ 27. Kd1 Rab8 28. Qa2 Qh4 29. Rg2 d5 30. e5 Rc4 31. a5 e6 32. a6 Ra8 33. Bg5 Rxd4+ 34. Nxd4 Qxd4+ 35. Qd2 Bxe5 36. Qxd4 Bxd4 37. Rc2 Kg7 38. Rc7 Ra7 39. Rc8 Ng3 40. Bb5 Nf5 41. Ke2 Bf6 42. Bxf6+ Kxf6 43. Rb8 Nd4+ 44. Kd3 Nxb5 45. Rxb5 Rxa6 46. Ke3 Ra3+ 47.
Kf4 g5+ 48. Kg4 h5+ 49. Kxh5 Rxf3 50. Kg4 Rf4+ 51. Kg3 Kg6 52. Rb6 Kf5 53. Kh3 f6 54.
Rb5 Rf3+ 55. Kg2 Ra3 56. Kf2 g4 57. Rb8 Ke4 58. Rb4+ d4 59. Rc4 e5 60. Rc8 f5 61.
Rb8 f4 62. Rb7 g3+ 63. Kf1 f3 64. Ke1 Ra1+ 65. Kd2 g2 66. Rb1 Rxb1 67. Kc2 g1=Q 68. Kd2 Qd1# 0-1

[Event "*** Titled Tuesday Blitz"]
[Site "Chess.com"]
[Date "2019.04.02"]
[Round "8"]
[White "MrChessSponge"]
[Black "KRASAVCHIK2002"]
[Result "1-0"]
[WhiteElo "2287"]
[BlackElo "2398"]
[TimeControl "180+2"]
[EndTime "15:50:29 PDT"]
[Termination "MrChessSponge won by checkmate"]

1. d4 Nf6 2. c4 g6 3. Nc3 d5 4. Nf3 Bg7 5. Qb3 dxc4 6. Qxc4 O-O 7. e4 Nc6 8. Be2 e5 9. d5 Nd4 10. Nxd4 exd4 11. Qxd4 c6 12. d6 Re8 13. Qd3 b5 14. a3 a5 15. O-O Ba6 16. b4 Re6 17. Bf4 Bb7 18. Rac1 axb4 19. axb4 Ra3 20. Bf3 h5 21.
Rfd1 Nd7 22. Qe3 Ne5 23. d7 Nxd7 24. Qd2 Re7 25. Bg5 f6 26. Be3 Qe8 27. Be2 g5 28. Qd6 Bf8 29. e5 Rg7 30. Bxh5 Qxh5 31. Qe6+ Rf7 32. Rxd7 Bc8 33. Ne4 Bxd7 34. Nxf6+ Kh8 35. Nxd7 Rxe3 36. g4 Qh3 37. Qxf7 Rf3 38. Qh5+ Qxh5 39. gxh5 Bxb4 40. Rxc6 Kh7 41. Nf6+ Kg7 42. Rc7+ Kh6 43. Rh7# 1-0

[Event "*** Titled Tuesday Blitz"]
[Site "Chess.com"]
[Date "2019.04.02"]
[Round "8"]
[White "DagurR"]
[Black "GMJimKnopf"]
[Result "1-0"]
[WhiteElo "2541"]
[BlackElo "2515"]
[TimeControl "180+2"]
[EndTime "15:50:29 PDT"]
[Termination "DagurR won by resignation"]

1. d4 Nf6 2. c4 a6 3. g3 c5 4.
Nf3 b5 5. cxb5 axb5 6. dxc5 Na6 7. c6 dxc6 8. Qxd8+ Kxd8 9. Bd2 Be6 10. Bg2 Bd5 11. Nc3 e6 12. O-O Bb4 13. Ne5 Bxc3 14. Bxc3 b4 15.
Nxf7+ Ke7 16. Bxf6+ Kxf7 17. Be5 Nc5 18. Bd6 Na4 19.
Bxb4 Nxb2 20. a3 Rhb8 21. Rfc1 Bxg2 22. Kxg2 Ra6 23. Rc2 Na4 24. Rd1 c5 25. Bxc5 Rc8 26. Rd7+ Kg6 27. Rxg7+ Kf5 28. e4+ Kxe4 29. Re2+ Kd5 30.
Rg5+ Kc4 31. Re4+ Kb3 32. Rb4+ Ka2 33. Bd4 Rc2 34. Re5 Kxa3 35. Rb8 Rd6 36. Be3 Nc3 37. Ra5+ Na4 38. Rba8 Rc4 39. Rxa4+ Rxa4 40. Bc5+ Kb3 41.
Rxa4 Rd5 42. Ra5 Rd3 43. Be3 Kc4 44. Re5 Rd6 45. h4 Rc6 46. g4 Kd3 47. g5 Ke2 48. h5 Kd3 49. g6 hxg6 50. hxg6 Rc4 51.
Rg5 Rc8 52. g7 Rg8 53. Kf3 Kc4 54. Ke4 1-0

[Event "*** Titled Tuesday Blitz"]
[Site "Chess.com"]
[Date "2019.04.02"]
[Round "8"]
[White "Zhuu96"]
[Black "Gordima"]
[Result "0-1"]
[WhiteElo "2946"]
[BlackElo "2755"]
[TimeControl "180+2"]
[EndTime "15:50:33 PDT"]
[Termination "Gordima won by resignation"]

1. e4 c5 2. Nf3 Nc6 3. Nc3 e5 4. Bc4 Be7 5. d3 d6 6. a4 Nf6 7.
h3 O-O 8. O-O Be6 9. Ba2 Qd7 10.
Re1 a6 11. Bxe6 fxe6 12. Ne2 b5 13. c3 c4 14. Ng3 cxd3 15. Qxd3 Na5 16. axb5 axb5 17. Bg5 Nb3 18. Rxa8 Rxa8 19. Bxf6 Bxf6 20. Rd1 Rd8 21. Nh5 Nc5 22. Qe2 Qb7 23. Nd2 Bg5 24. b4 Na4 25. Nb1 g6 26. Ng3 h5 27. Rd3 Bf4 28. Nf1 Qc6 29. g3 Bh6 30. g4 Qe8 31. gxh5 gxh5 32. Ng3 Qg6 33. Qxh5 Qxh5 34. Nxh5 Kf7 35.
Na3 d5 36. Nxb5 Rb8 37. c4 dxc4 38. Nd6+ Kg6 39. Nxc4 Kxh5 40. Nxe5 Rxb4 41. Ng4 Nc5 42. Rd8 Kg6 43. Rg8+ Bg7 44. f3 Rb2 45. h4 Kh7 46. Rd8 Kg6 47. Rg8 Nd3 48. h5+ Kh7 49. Re8 Bd4+ 50.
Kf1 Nf4 51. Ke1 Bc3+ 52. Kd1 Rd2+ 53. Ke1 Rd8+ 0-1